 Dungeon Crawl Stone Soup version 0.32-a0-720-g1d96ad090f (webtiles) character file.

Game seed: 4440245758442069891

4746 Ajdolov the Basher (level 10, -11/77 HPs)
             Began as an Armataur Fighter on Mar 16, 2024.
             Was a Believer of Wu Jian.
             Killed by vampiric draining
             ... invoked by a vampire
              (15 damage)
             ... on level 8 of the Dungeon.
             The game lasted 00:17:05 (6499 turns).

Ajdolov the Basher (Armataur Fighter)               Turns: 6499, Time: 00:17:06

Health: -11/77     AC: 16    Str: 30    XL:     10   Next: 22%
Magic:  0/10       EV:  3    Int:  8    God:    Wu Jian [**....]
Gold:   454        SH:  4    Dex: 10    Spells: 9/9 levels left

rFire   + . .        a - +2 morningstar (pain)
rCold   + + .        c - +0 buckler
rNeg    . . .        m - +1 chain mail {rC+}
rPois   .            (no helmet)
rElec   .            e - +0 cloak
rCorr   +            l - +0 pair of gloves
SInv    .            x - +0 barding of Allo {-Cast rCorr Str+4}
Will    .....        i - amulet of guardian spirit Stlth
                     n - ring of protection from cold
HPRegen 0.32/turn    z - ring of protection from fire
MPRegen 0.12/turn

%: no spellcasting, guardian spirit, roll
@: mighty
A: large, deformed body, tough skin 3, armoured tail, rollpage 2
a: Renounce Religion, Wall Jump


You were on level 8 of the Dungeon.
You worshipped Wu Jian.
Wu Jian was pleased with you.
You visited 1 branch of the dungeon, and saw 9 of its levels.
You also visited: Bailey.

You collected 558 gold pieces.
You spent 104 gold pieces at shops.

Inventory:

Hand Weapons
 a - a +2 morningstar of pain (weapon)
Armour
 c - a +0 buckler (worn)
 e - a +0 cloak (worn)
 l - a +0 pair of gloves (worn)
 m - a +1 chain mail of cold resistance (worn)
 x - the +0 barding of Allo (worn) {-Cast rCorr Str+4}
   (You acquired it on level 5 of the Dungeon)

   Str+4:     It affects your strength (+4).
   -Cast:     It prevents spellcasting.
   rCorr:     It protects you from acid and corrosion.
Jewellery
 g - a ring of flight
 i - an amulet of guardian spirit (around neck)
 n - a ring of protection from cold (left hand)
 r - a ring of ice
 t - an amulet of reflection
 y - a +5 ring of evasion
 z - a ring of protection from fire (right hand)
 A - a +5 ring of evasion
Scrolls
 h - 2 scrolls of teleportation
 j - a scroll of brand weapon
 o - 2 scrolls of enchant weapon
 v - 3 scrolls of blinking
 B - a scroll of noise
Potions
 b - a potion of lignification {unknown}
 d - a potion of might
 f - 2 potions of cancellation {unknown}
 p - 4 potions of magic
 s - 3 potions of brilliance {unknown}
 u - 6 potions of haste {unknown}
 C - a potion of invisibility {unknown}
 D - 2 potions of mutation {unknown}
 E - a potion of resistance {unknown}


   Skills:
 + Level 3.5 Fighting
 * Level 12.8 Maces & Flails
 - Level 3.6 Armour
 - Level 3.2 Shields
 - Level 5.0 Evocations


You had 9 spell levels left.
You didn't know any spells.
Your spell library contained the following spells:

 Spells                   Type           Power      Damage    Failure   Level
 Kiss of Death            Conj/Necr      0%         2d5       91%         1
 Confusing Touch          Hex            0%         N/A       99%         3
 Dispel Undead            Necr           0%         3d6       100%        4
 Manifold Assault         Tloc           0%         N/A       100%        4
 Dispersal                Tloc           0%         N/A       100%        6
 Disjunction              Tloc           0%         N/A       100%        8


Dungeon Overview and Level Annotations

Branches:
Dungeon (9/15)             Temple (0/1) D:5          Bailey (visited)
   Lair: D:8-11         Orc: D:9-12

Altars:
Elyvilon
Okawaru
Wu Jian
Xom
Zin
The Shining One

Shops:
D:4 ?

Annotations:
D:6 3 runed translucent doors, Mrcake's ghost, novice TeCj


Innate Abilities, Weirdness & Mutations

Armour fits poorly on your strangely shaped body.
You have extremely tough skin. (AC +3)
You have a long armoured tail.
You regenerate magic and health when rolling toward enemies. (Rampage Regen)


Message History

You feel much better.
You hear some strange, mumbled words.
You are confused.
You bump into the rock wall.
Something hits you. Something bites you but does no damage.
You thump something! Something hits you but does no damage.
Something bites you!
* * * LOW HITPOINT WARNING * * *
Something draws strength from your injuries!
You're too confused to move!
Something hits you.
* * * LOW HITPOINT WARNING * * *
Something bites you but does no damage.
You hit something. Something hits you!
* * * LOW HITPOINT WARNING * * *
Something bites you.
* * * LOW HITPOINT WARNING * * *
Something draws strength from your injuries!
You feel much better. Something hits you!
* * * LOW HITPOINT WARNING * * *
Something bites you.
* * * LOW HITPOINT WARNING * * *
Something draws strength from your injuries!
You miss something. Something hits you.
* * * LOW HITPOINT WARNING * * *
Something bites you.
* * * LOW HITPOINT WARNING * * *
Something draws strength from your injuries!
You miss something.
You feel less confused. Something hits you.
* * * LOW HITPOINT WARNING * * *
Something bites you but does no damage.
You hit something.
Your tail-slap misses something.
You block something's attack. Something bites you.
* * * LOW HITPOINT WARNING * * *
Something draws strength from your injuries!
You sock something!
Unknown command.
You barely miss something. Something draws life force from you!
You die...

# ##### ############## #
##...#####@...........#
#######.#......{.##########%#
..............>..# #.#
........##...##.## #.#
####.#.#....###<# #.# #
#..#.###.# #.####### #.##
####[###.##.# #<......# #..#
....## ##.#.# #######.# ##.#
.###.###.##.#### #...# #.#


There were no monsters in sight!

Vanquished Creatures
  A troll (D:9)
  A hornet (D:8)
  A wyvern (D:5)
  A wraith (D:8)
  A vampire (D:8)
  A shadow (D:9)
  A steam dragon (D:8)
  3 yaks (D:8)
  A water moccasin (D:6)
  4 orc warriors
  2 sky beasts (D:6)
  2 ice beasts
  A black bear (D:6)
  3 centaurs
  A phantom (D:5)
  3 bullfrogs
  3 scorpions
  9 killer bees
  2 howler monkeys
  6 orc priests
  4 hounds
  2 gnoll boudas
  5 iguanas
  8 orc wizards
  7 adders
  18 gnolls
  A shadow imp (D:5)
  A white imp (D:7)
  2 ribbon worms (D:2)
  4 dart slugs
  39 orcs
  5 ball pythons
  6 bats (D:1)
  7 endoplasms
  3 giant cockroaches
  6 goblins
  8 hobgoblins
  6 jackals
  9 kobolds
  6 quokkas
  8 frilled lizards
  A rat (D:3)
  A butterfly (D:8)
204 creatures vanquished.

Notes
Turn   | Place    | Note
-------+----------+-------------------------------------------
     0 | D:1      | Ajdolov the Armataur Fighter began the quest for the Orb.
     0 | D:1      | Reached XP level 1. HP: 18/18 MP: 1/1
    78 | D:1      | Found a faded altar of an unknown god.
    88 | D:1      | Reached skill level 2 in Maces & Flails
   157 | D:1      | Reached XP level 2. HP: 24/25 MP: 2/2
   350 | D:1      | Reached skill level 3 in Maces & Flails
   452 | D:1      | Reached XP level 3. HP: 30/30 MP: 3/3
  1010 | D:2      | Found a glowing silver altar of Zin.
  1070 | D:2      | Reached XP level 4. HP: 37/37 MP: 4/4
  1075 | D:2      | Reached skill level 4 in Maces & Flails
  1761 | D:4      | Found Gunemp's Magic Scroll Shop.
  1800 | D:4      | Bought a scroll of blinking for 82 gold pieces
  1800 | D:4      | Bought a scroll of identify for 22 gold pieces
  1939 | D:4      | Reached XP level 5. HP: 34/42 MP: 2/5
  1982 | D:4      | Reached skill level 5 in Maces & Flails
  2266 | D:5      | Entered Level 5 of the Dungeon
  2283 | D:5      | Identified a scroll of acquirement
  2289 | D:5      | Acquired the +0 barding of Allo {-Cast rCorr Str+4}
  2314 | D:5      | Noticed an ice beast
  2326 | D:5      | Killed an ice beast
  2327 | D:5      | Reached skill level 1 in Evocations
  2327 | D:5      | Reached XP level 6. HP: 50/50 MP: 6/6
  2402 | D:5      | Reached skill level 6 in Maces & Flails
  2561 | D:5      | Gained mutation: You regenerate magic and health when
                  | rolling toward enemies. (Rampage Regen) [Armataur growth]
  2561 | D:5      | Reached XP level 7. HP: 55/56 MP: 5/7
  2758 | D:5      | Noticed a wyvern
  2765 | D:5      | Killed a wyvern
  2766 | D:5      | Reached skill level 7 in Maces & Flails
  2826 | D:5      | Found an ornate altar of the Wu Jian Council.
  2889 | D:5      | Became a worshipper of the Wu Jian Council
  2962 | D:5      | Found a staircase to the Ecumenical Temple.
  3198 | D:6      | Reached XP level 8. HP: 62/62 MP: 8/8
  3247 | D:6      | Reached skill level 8 in Maces & Flails
  3525 | D:6      | Reached skill level 5 in Evocations
  3600 | D:6      | Reached skill level 9 in Maces & Flails
  3890 | D:6      | Found a runed translucent gate.
  3891 | D:6      | Found a runed translucent gate.
  3891 | D:6      | Found a runed translucent gate.
  3891 | D:6      | Noticed Mrcake's ghost (novice TeCj)
  4104 | D:7      | Reached * piety under Wu Jian
  4120 | D:7      | Found an iron altar of Okawaru.
  4164 | D:7      | Reached XP level 9. HP: 61/68 MP: 9/9
  4165 | D:7      | Reached skill level 10 in Maces & Flails
  4366 | D:7      | Found a flagged portal.
  4387 | Bailey   | Entered a bailey
  4943 | D:7      | Reached skill level 11 in Maces & Flails
  5377 | D:8      | Found a shimmering altar of Xom.
  5401 | D:8      | Reached ** piety under Wu Jian
  5429 | D:8      | Paralysed by a hornet for 1 turns
  5498 | D:8      | Reached skill level 12 in Maces & Flails
  5747 | D:8      | Found a white marble altar of Elyvilon.
  5747 | D:8      | Found a glowing silver altar of Zin.
  5747 | D:8      | Found a glowing golden altar of the Shining One.
  6314 | D:9      | Reached XP level 10. HP: 75/75 MP: 10/10
  6474 | D:8      | HP: 2/77 [something (5)]
  6488 | D:8      | HP: 3/77 [something (9)]
  6497 | D:8      | HP: 3/77 [something (4)]
  6499 | D:8      | Killed from afar by a vampire

Illustrated notes

Levels and vault maps discovered:
D:1:      wheals_arrival_linesprint, layout_basic,
          dreamdust_ecumenical_altar_grove
D:2:      layout_rooms, basic_altar, minivault_24, minmay_misc_feat_diagonals
D:3:      layout_loops_cross, nicolae_underground_beach
D:4:      layout_rooms, serial_shops, shop_coins
D:5:      layout_cave_pools, lemuel_tele_altar,
          minmay_temple_entry_stoned_glass, amcnicky_mini_pool_medium
D:6:      layout_rooms, ebering_ghost_rock_garden
D:7:      layout_rooms, lemuel_round_altar, enter_bailey_4
D:8:      layout_loops_ring, good_gods_mini_temple, xom_butterflies,
          nzn_life_drinkers
D:9:      layout_gridville, uniq_harold

Skill      XL: |  1  2  3  4  5  6  7  8  9 10 |
---------------+-------------------------------+-----
Maces & Flails | 2 3 4 5 6 7 9 12 | 12.8
Evocations     | 1 2 4 5 |  5.0
Fighting       | 3 |  3.5
Armour         | |  3.6
Shields        | |  3.2

Action                     |  1- 3 |  4- 6 |  7- 9 | 10-12 || total
---------------------------+-------+-------+-------+-------++-------
  Melee: Flail             |   145 |   143 |    86 |       ||   374
         Tailslap          |    16 |    11 |    44 |     2 ||    73
         Morningstar       |       |       |   359 |    35 ||   394
  Throw: Throwing net      |       |       |     1 |       ||     1
Ability: Lunge             |       |       |    62 |       ||    62
         Whirlwind         |       |       |    19 |       ||    19
  Evoke: Wand              |       |       |     3 |     1 ||     4
    Use: Scroll            |       |     8 |     1 |       ||     9
         Potion            |       |       |     4 |     9 ||    13
 Armour: Scale mail        |   109 |       |       |       ||   109
         Chain mail        |    10 |   135 |   422 |   121 ||   688
         Plate armour      |       |       |    59 |       ||    59
  Dodge: Dodged            |    52 |    36 |    79 |     8 ||   175
  Block: Buckler           |    26 |    24 |    84 |     5 ||   139

Table legend: (Time is in decaauts)
 A = Elapsed time spent in this place.
 B = Non-inter-level travel time spent in this place.
 C = Inter-level travel time spent in this place.
 D = Time resting spent in this place.
 E = Time spent auto-exploring this place.
 F = Levels seen in this place.
 G = Mean time per level.
                   A        B        C        D        E       F      G
               +--------+--------+--------+--------+--------+-----+--------+
         Total |   6586 |   6339 |    247 |    372 |   4158 |  10 |  658.6 |
       Dungeon |   6251 |   6004 |    247 |    372 |   4037 |   9 |  694.6 |
        Bailey |    335 |    335 |      0 |      0 |    121 |   1 |  335.0 |
               +--------+--------+--------+--------+--------+-----+--------+

Top non-repeatable levels by time:
     D:8: 1022 daAuts
     D:5: 937 daAuts
     D:6: 907 daAuts
     D:7: 810 daAuts
     D:1: 738 daAuts
     D:3: 643 daAuts
     D:4: 519 daAuts
     D:2: 422 daAuts
  Bailey: 335 daAuts
     D:9: 249 daAuts
